 Dungeon Crawl Stone Soup version 0.29-a0-362-g5854e031c7 (webtiles) character file.

Game seed: 4135850537349360634

73 spaghetti the Poker (level 4, 31/35 HPs)
             Began as a Demonspawn Berserker on Apr 29, 2022.
             Was a Follower of Trog.
             Quit the game on level 2 of the Dungeon.
             The game lasted 00:02:10 (1598 turns).

spaghetti the Poker (Demonspawn Berserker)          Turns: 1598, Time: 00:02:10

Health: 31/35      AC:  6    Str: 18    XL:     4   Next: 8%
Magic:  4/4        EV: 12    Int:  8    God:    Trog [*.....]
Gold:   87         SH:  0    Dex: 14    Spells: 3/3 levels left

rFire   . . .      SeeInvis .   e - +1 dagger (venom) {short}
rCold   . . .      Faith    .   (no shield)
rNeg    . . .      Spirit   .   b - +0 animal skin
rPois   .          Reflect  .   (no helmet)
rElec   .          Harm     .   (no cloak)
rCorr   .          Rampage  .   (no gloves)
Will    .....                   (no boots)
Stlth   +.........              (no amulet)
HPRegen 0.11/turn               k - +4 ring of protection
MPRegen 0.09/turn               (no ring)

@: no status effects
A: sturdy frame 1, demonic touch 2
a: Renounce Religion, Berserk


You were on level 2 of the Dungeon.
You worshipped Trog.
Trog was aware of your devotion.
You visited 1 branch of the dungeon, and saw 2 of its levels.

You collected 87 gold pieces.


Innate Abilities, Weirdness & Mutations

Your movements are slightly less encumbered by armour. (ER -2)
Your touch may inflict irresistible damage on your foes.


   Skills:
 - Level 3.0 Fighting
 + Level 4.5 Polearms
 - Level 1.7 Armour
 - Level 1.7 Dodging


You had 3 spell levels left.
You didn't know any spells.
Your spell library contained the following spells:

 Spells                   Type           Power      Damage    Failure   Level
 Leda's Liquefaction      Hex/Erth       0%         N/A       99%         4
 Lee's Rapid Deconstruct  Erth           0%         3d5*      100%        5
 Statue Form              Tmut/Erth      0%         N/A       100%        6

Inventory:

Hand Weapons
 a - a +0 spear {polearm}
 e - a +1 dagger of venom (weapon) {short}
   (You took it off a goblin on level 1 of the Dungeon)
Missiles
 c - 50 stones (quivered) {throwing}
 g - 3 curare-tipped darts {=fthrowing}
Armour
 b - a +0 animal skin (worn)
Jewellery
 k - a +4 ring of protection (left hand)
   (You found it on level 2 of the Dungeon)
 l - a ring of see invisible
   (You found it on level 2 of the Dungeon)
Scrolls
 d - a scroll of fog {unknown}
 f - a scroll of teleportation {unknown}
 i - a scroll of fear {unknown}
 j - 4 scrolls of identify {unknown}
Potions
 h - 2 potions of curing {unknown}
 m - a potion of invisibility {unknown}
 n - a potion of degeneration {unknown}

Dungeon Overview and Level Annotations

Branches:
Dungeon (2/15)

Altars:

⌠.##.###### #.........#
...#......###....)....#.
.⌠......................
..#...###.....†.......#
.##.......###.........##
##......#####...........
.....##..###............
>...)...................
))).####....#...@b....#
....# ##........g......
..).# ###..#..........
....########.!..........
........................
..........#######.......
.......<...##### #......
........)....... ......
.......).....###


You could see a goblin and a bat.


Message History

Your hp is fully restored (35).
Unknown command.
You now have 55 gold pieces (gained 8).
Things that are here:
a +0 club {mace}; a +0 dagger {short}; a +0 hunting sling {sling}
Things that are here:
a +0 spear {polearm}; a gnoll skeleton
g - 3 curare-tipped darts {=fthrowing} You see here a +0 club {mace}.
c - 26 stones {throwing} (gained 1)
c - 27 stones {throwing} (gained 1)
You now have 56 gold pieces (gained 1).
c - 28 stones {throwing} (gained 1)
c - 31 stones {throwing} (gained 3)
c - 32 stones {throwing} (gained 1)
You see here a +0 club {mace}.
You now have 61 gold pieces (gained 5).
You now have 73 gold pieces (gained 12).
c - 46 stones {throwing} (gained 14)
l - a ring of see invisible
m - a pink potion
c - 50 stones {throwing} (gained 4)
You see here a +0 dagger {short}.
n - an emerald potion You pick up a book of the Earth {forbidden} and begin reading...
You add the spells Leda's Liquefaction, Lee's Rapid Deconstruction and Statue Form to your library.
j - 3 scrolls labelled DOVAKU ROASE (gained 1)
You now have 87 gold pieces (gained 14).
There is a fountain of clear blue water here.
h - 2 silvery potions (gained 1)
There is a fountain of clear blue water here.
j - 4 scrolls labelled DOVAKU ROASE (gained 1)
A bat comes into view.
A bat is nearby!
A bat is nearby!
The bat closely misses you.
You closely miss the bat.
You touch the bat.
You kill the bat!
Trog accepts your kill.
No target in view!
No target in view!
No target in view!
No target in view!
No target in view!
No target in view!
No target in view!
No target in view!
No target in view!
No target in view!
No target in view!
No target in view!
No target in view!
A bat comes into view.
A bat is nearby!
A bat is nearby!
A bat is nearby!
A bat is nearby!
A goblin comes into view. It is wielding a +0 dagger.
The goblin shouts!
The bat hits you. 😕 HP[-1]
You take 1 damage, and now have 34/35 hp.
Okay, then.
The bat misses you.
A bat comes into view.
You closely miss the bat. Your touch misses the bat.
The bat hits you but does no damage.
You hit the bat.
You kill the bat!
Trog accepts your kill. The bat closely misses you.
You closely miss the bat. The bat hits you but does no damage.
The goblin closely misses you.
You barely miss the goblin. The bat hits you but does no damage.
The goblin hits you with a +0 dagger. 😕 HP[-3]
You take 3 damage, and now have 31/35 hp.
You are too injured to fight recklessly!
You are too injured to fight recklessly!
You are too injured to fight recklessly!
You are too injured to fight recklessly!
You are too injured to fight recklessly!
You are too injured to fight recklessly!
You are too injured to fight recklessly!
You are too injured to fight recklessly!
You are too injured to fight recklessly!
You are too injured to fight recklessly!
You are too injured to fight recklessly!
You are too injured to fight recklessly!
You are too injured to fight recklessly!
You are too injured to fight recklessly!
You are too injured to fight recklessly!
You are too injured to fight recklessly!
You are too injured to fight recklessly!
You are too injured to fight recklessly!
You are too injured to fight recklessly!
You are too injured to fight recklessly!
You are too injured to fight recklessly!
You are too injured to fight recklessly!
Are you sure you want to abandon this character and quit the game? (Confirm with "yes".)

Skill      XL: |  1  2  3 |
---------------+----------+-----
Polearms       | 3 4 |  4.5
Fighting       | |  3.0
Armour         | |  1.7
Dodging        | |  1.7

Action                   |  1- 3 |  4- 6 || total
-------------------------+-------+-------++-------
Melee: Dagger            |    61 |     5 ||    66
       Spear             |     9 |       ||     9
       Touch             |     2 |     1 ||     3
Throw: Stone             |     7 |       ||     7
Invok: Berserk           |     3 |       ||     3
  Use: Potion            |     1 |       ||     1
 Stab: Sleeping          |     1 |       ||     1
Armor: Animal skin       |    21 |     3 ||    24
Dodge: Dodged            |    54 |     4 ||    58

Levels and vault maps discovered:
D:1:      amcnicky_arrival_blooded_trapdoor, layout_basic,
          shapermc_ecumenical_altar_gd
D:2:      layout_rooms, minmay_pentomino_w4

Notes
Turn   | Place    | Note
-------+----------+-------------------------------------------
     0 | D:1      | spaghetti the Demonspawn Berserker began the quest for the
                  | Orb.
     0 | D:1      | Reached XP level 1. HP: 18/18 MP: 1/1
     0 | D:1      | magus.rc [v1.9.6]
    92 | D:1      | Reached skill level 3 in Polearms
    98 | D:1      | HP: 3/18 [poisoned by a goblin]
    99 | D:1      | HP: 1/18 [poisoned by a goblin]
   608 | D:1      | Found a faded altar of an unknown god.
   627 | D:1      | Gained mutation: Your movements are slightly less
                  | encumbered by armour. (ER -2) [demonic ancestry]
   627 | D:1      | Reached XP level 2. HP: 23/24 MP: 2/2
  1069 | D:2      | Gained mutation: Your touch may inflict minor irresistible
                  | damage on your foes. [demonic ancestry]
  1069 | D:2      | Reached XP level 3. HP: 19/29 MP: 3/3
  1070 | D:2      | Reached skill level 4 in Polearms
  1228 | D:2      | HP: 9/43 [gnoll/+0 spear (3)]
  1228 | D:2      | HP: 4/43 [gnoll/+0 club (5)]
  1233 | D:2      | Gained mutation: Your touch may inflict irresistible damage
                  | on your foes. [demonic ancestry]
  1233 | D:2      | Reached XP level 4. HP: 6/35 MP: 4/4
  1560 | D:2      | You pick up a book of the Earth {forbidden} and begin
                  | reading...
  1560 | D:2      | You add the spells Leda's Liquefaction, Lee's Rapid
                  | Deconstruction and Statue Form to your library.
  1598 | D:2      | Quit the game

Vanquished Creatures
  3 gnolls (D:2)
  An adder (D:2)
  A worm (D:2)
  A dart slug (D:1)
  3 bats
  2 endoplasms
  2 giant cockroaches
  5 goblins
  3 hobgoblins
  4 kobolds
  A quokka (D:1)
  A ball python (D:1)
  2 rats (D:2)
29 creatures vanquished.

Table legend:
 A = Non-vault XP
 B = Vault XP
 C = Vault XP percentage of total XP
 D = Non-vault monster count
 E = Vault monster count
 F = Vault count percentage of total count
                 A         B        C        D         E       F
            +---------+---------+-------+---------+---------+-------
      Total |      81 |      24 |  22.9 |      23 |       6 |  20.7
            +---------+---------+-------+---------+---------+-------
        D:1 |      22 |       0 |   0.0 |      11 |       0 |   0.0
        D:2 |      59 |      24 |  28.9 |      12 |       6 |  33.3
            +---------+---------+-------+---------+---------+-------

Illustrated notes

Table legend:
 A = Kills in this place as a percentage of kills in entire the game.
 B = Kills by you in this place as a percentage of kills by you in the entire game.
 C = Kills by friends in this place as a percentage of kills by friends in the entire game.
 D = Other kills in this place as a percentage of other kills in the entire game.
 E = Experience gained in this place as a percentage of experience gained in the entire game.
 F = Experience gained in this place divided by the number of levels of this place that you have seen.
                   A       B       C       D       E      F
               +-------+-------+-------+-------+-------+----------------------
         Total | 100.0 | 100.0 |   N/A |   N/A | 100.0 |  52.5
       Dungeon | 100.0 | 100.0 |   N/A |   N/A | 100.0 |  52.5
               +-------+-------+-------+-------+-------+----------------------

Table legend: (Time is in decaauts)
 A = Elapsed time spent in this place.
 B = Non-inter-level travel time spent in this place.
 C = Inter-level travel time spent in this place.
 D = Time resting spent in this place.
 E = Time spent auto-exploring this place.
 F = Levels seen in this place.
 G = Mean time per level.
                   A        B        C        D        E       F      G
               +--------+--------+--------+--------+--------+-----+--------+
         Total |   1615 |   1580 |     35 |    430 |    970 |   2 |  807.5 |
       Dungeon |   1615 |   1580 |     35 |    430 |    970 |   2 |  807.5 |
               +--------+--------+--------+--------+--------+-----+--------+

Top non-repeatable levels by time:
     D:1: 980 daAuts
     D:2: 634 daAuts
